 Dungeon Crawl Stone Soup version 0.28-a0-657-g71136c5590 (webtiles) character file.

Game seed: 17522360683016829111

56 siradein the Caller (level 3, -2/26 HPs)
             Began as a Draconian Summoner on Oct 14, 2021.
             Slain by a gnoll (6 damage)
             ... on level 3 of the Dungeon.
             The game lasted 00:06:07 (3331 turns).

siradein the Caller (Draconian Summoner)            Turns: 3331, Time: 00:06:08

Health: -2/26      AC:  5    Str: 10    XL:     3   Next: 71%
Magic:  7/7        EV: 12    Int: 16    God:
Gold:   55         SH:  0    Dex: 11    Spells: 2/8 levels left

rFire   . . .      SeeInvis .   k - +0 scythe
rCold   . . .      Faith    .   (shield currently unavailable)
rNeg    . . .      Spirit   .   (armour unavailable)
rPois   .          Reflect  .   (helmet restricted)
rElec   .          Harm     .   (no cloak)
rCorr   .          Rampage  .   (no gloves)
Will    .....                   (no boots)
Stlth   ++........              (no amulet)
HPRegen 0.08/turn               (no ring)
MPRegen 0.10/turn               (no ring)

@: no status effects
A: AC +5, unfitting armour, cold-blooded
a: no special abilities


You were on level 3 of the Dungeon.
You visited 1 branch of the dungeon, and saw 3 of its levels.

You collected 55 gold pieces.

Inventory:

Hand Weapons
 k - a +0 scythe (weapon)
Scrolls
 c - a scroll of brand weapon {unknown}
 d - a scroll of fog {unknown}
 f - a scroll of enchant weapon {unknown}
 g - 2 scrolls of teleportation {unknown}
 i - a scroll of vulnerability {unknown}
 l - a scroll of immolation {unknown}
Potions
 a - 2 potions of heal wounds {unknown}
 b - a potion of haste {unknown}
 e - a potion of berserk rage {unknown}
 h - a potion of attraction {unknown}
 j - a potion of invisibility {unknown}
 m - a potion of curing {unknown}


   Skills:
 - Level 1.7 Dodging
 - Level 1.7 Stealth
 + Level 3.0 Spellcasting
 + Level 4.7 Summonings


You had 2 spell levels left.
You knew the following spells:

 Your Spells              Type           Power      Damage    Failure   Level
a - Summon Small Mammal   Summ           68%        N/A       2%          1
b - Call Imp              Summ           17%        N/A       4%          2
c - Call Canine Familiar  Summ           17%        N/A       8%          3

Your spell library contained the following spells:

 Spells                   Type           Power      Damage    Failure   Level
 Freeze                   Ice            8%         1d3       19%         1
 Summon Guardian Golem    Hex/Summ       10%        N/A       22%         3
 Frozen Ramparts          Ice            4%         1d2       50%         3
 Summon Lightning Spire   Summ/Air       10%        N/A       56%         4
 Hailstorm                Conj/Ice       2%         3d3       88%         4


Dungeon Overview and Level Annotations

Branches:
Dungeon (3/15)

Altars:

Shops:
D:1 *   D:2 (


Innate Abilities, Weirdness & Mutations

Your plain brown scales are hard. (AC +5)
You cannot fit into any form of body armour.
You are cold-blooded and may be slowed by cold attacks.


Message History

Your shadow imp disappears in a puff of smoke!
Key pressed, stopping explore.
A gnoll comes into view.
It is wielding a +0 flail of holy wrath.
A gnoll is nearby!
A gnoll is nearby!
A gnoll is nearby!
A gnoll is nearby!
Casting: Call Imp (safe; 4% risk of failure)
Press: ? - help, Q - select action, (/) - cycle Dir - look around, f - activate A shadowy apparition takes form in the air.
The gnoll shouts!
Unknown command.
What are your orders? t - Shout!
Orders for allies: a - Attack new target. r - Retreat! s - Stop attacking. g - Guard the area. f - Follow me.
Anything else - Cancel.
Gang up on whom?
Press: ? - help, Dir - move target, f - gnoll
Aim: a gnoll, wielding a +0 flail of holy wrath (ally target) Attack!
Your shadow imp barely misses the gnoll.
Your shadow imp barely misses the gnoll.
You hit the gnoll but do no damage.
Your shadow imp barely misses the gnoll.
The gnoll hits you with a +0 flail of holy wrath.
Your shadow imp gestures at the gnoll.
The gnoll writhes in agony.
The gnoll hits you with a +0 flail of holy wrath.
You are too injured to fight recklessly!
Your shadow imp completely misses the gnoll.
The gnoll hits you with a +0 flail of holy wrath!
* * * LOW HITPOINT WARNING * * *
Your shadow imp hits the gnoll.
Your shadow imp hits the gnoll.
Items here: ! )) ?.
Your shadow imp disappears in a puff of smoke!
The gnoll hits you with a +0 flail of holy wrath.
You die...

#.)...5..).......
#.>...###........
###########..÷##
#§###....
...........#.##
#.# #.
##########.#.#
#)# #.#.# #.# #
#.#.#####.###.#
#.#.....g.....##.
#..)...@.........
#######
###..####.######.
....... .....#
#.# #######
####.## #.#
......# #.# #.#
#####.# ..# #..
#### # #.# .##
### .... # #.#
≈≈≈. #.# ≈≈≈≈


You could see a gnoll.

Vanquished Creatures
  2 dart slugs (D:1)
  A ball python (D:3)
  4 endoplasms (D:1)
  4 giant cockroaches
  4 hobgoblins (D:3)
  5 jackals
  7 kobolds
  3 quokkas (D:3)
  3 bats (D:1)
  3 frilled lizards
  2 goblins (D:2)
  4 rats
42 creatures vanquished.

Vanquished Creatures (collateral kills)
  An endoplasm (D:1)
  A giant cockroach (D:1)
  A hobgoblin (D:3)
  A rat (D:1)
4 creatures vanquished.

Grand Total: 46 creatures vanquished

Notes
Turn   | Place    | Note
-------+----------+-------------------------------------------
     0 | D:1      | siradein the Draconian Summoner began the quest for the
                  | Orb.
     0 | D:1      | Reached XP level 1. HP: 14/14 MP: 3/3
   481 | D:1      | Reached XP level 2. HP: 8/20 MP: 3/5
   787 | D:1      | Learned a level 2 spell: Call Imp
  1238 | D:1      | Found a faded altar of an unknown god.
  1525 | D:1      | Reached XP level 3. HP: 14/26 MP: 7/7
  1737 | D:1      | Found Geanebea's Assorted Antiques.
  2387 | D:2      | Found Lecutun's Antique Weapon Shoppe.
  2387 | D:2      | You fall into a shaft and drop 1 floor!
  2889 | D:3      | Learned a level 3 spell: Call Canine Familiar
  3331 | D:3      | Slain by a gnoll

Illustrated notes

Levels and vault maps discovered:
D:1:      dpeg_arrival_prison, layout_basic, serial_shops, nicolae_shop_stone,
          hellmonk_ecumenical_altar_dog_temple, nrook_loot_triangle,
          item_on_display_a
D:2:      layout_loops_corners, serial_shops, shop, hangedman_decor_points,
          chequers_serial_rivers_small_a
D:3:      cheibrodos_thug_alley, layout_loops_ring

Skill      XL: |  1  2  3 |
---------------+----------+-----
Spellcasting   | 3 |  3.0
Dodging        | |  1.7
Stealth        | |  1.7
Summonings     | |  4.7

Action                   || total
-------------------------++-------
Melee: Unarmed           ||    25
       Tailslap          ||    17
       Club              ||    23
       Dagger            ||    40
       Scythe            ||    87
 Cast: Summon Small Mamm ||     6
       Call Imp          ||     8
 Stab: Sleeping          ||    11
Armor: Skin              ||    72
Dodge: Dodged            ||   169

Table legend: (Time is in decaauts)
 A = Elapsed time spent in this place.
 B = Non-inter-level travel time spent in this place.
 C = Inter-level travel time spent in this place.
 D = Time resting spent in this place.
 E = Time spent auto-exploring this place.
 F = Levels seen in this place.
 G = Mean time per level.
                   A        B        C        D        E       F      G
               +--------+--------+--------+--------+--------+-----+--------+
         Total |   3429 |   3391 |     38 |    189 |   2660 |   3 | 1143.0 |
       Dungeon |   3429 |   3391 |     38 |    189 |   2660 |   3 | 1143.0 |
               +--------+--------+--------+--------+--------+-----+--------+

Top non-repeatable levels by time:
     D:1: 2044 daAuts
     D:3: 1012 daAuts
     D:2: 372 daAuts
